 Dungeon Crawl Stone Soup version 0.30-a0-166-g5d06c95188 (webtiles) character file.

Game seed: 17222685002598676398

956 qw the Chopper (level 8, 0/50 HPs)
             Began as a Gargoyle Fighter on Sept 28, 2022.
             Slain by a gnoll sergeant
             ... wielding a +1 spear of flaming
              (1 damage)
             ... on level 5 of the Dungeon.
             The game lasted 00:01:46 (4142 turns).

qw the Chopper (Gargoyle Fighter)                   Turns: 4142, Time: 00:01:46

Health: 0/50       AC: 24    Str: 21    XL:     8   Next: 14%
Magic:  8/8        EV:  7    Int: 10    God:
Gold:   235        SH:  4    Dex:  9    Spells: 7/7 levels left

rFire   . . .      SeeInvis .    g - +1 war axe
rCold   . . .      Faith    .    c - +0 buckler
rNeg    + . .      Spirit   .    o - +0 chain mail
rPois   inf        Reflect  .    (no helmet)
rElec   +          Harm     .    m - +1 cloak
rCorr   .          Rampage  .    (no gloves)
Will    .....                    (no boots)
Stlth   ..........               (no amulet)
HPRegen 0.16/turn                i - +4 ring of protection
MPRegen 0.11/turn                a - +4 ring of protection

@: no status effects
A: sickness immunity, AC +5, negative energy resistance 1, electricity
resistance, torment resistance 1, petrification resistance
a: no special abilities


You were on level 5 of the Dungeon.
You visited 2 branches of the dungeon, and saw 6 of its levels.

You collected 235 gold pieces.


Innate Abilities, Weirdness & Mutations

You are immune to sickness and miasma.
Your stone body is resilient. (AC +5)
You are immune to poison.
You resist negative energy. (rN+)
You are resistant to electric shocks. (rElec)
You are resistant to unholy torment.
You are immune to petrification.


   Skills:
 - Level 5.4 Fighting
 + Level 7.6 Axes
 - Level 3.2 Armour
 - Level 1.0 Dodging
 - Level 3.2 Shields


You had 7 spell levels left.
You didn't know any spells.
Your spell library was empty.

Inventory:

Hand Weapons
 f - a +0 flail
 g - a +1 war axe (weapon)
Armour
 c - a +0 buckler (worn)
 m - a +1 cloak (worn)
 o - a +0 chain mail (worn)
Jewellery
 a - a +4 ring of protection (right hand)
 i - a +4 ring of protection (left hand)
Scrolls
 b - a scroll of noise {unknown}
 k - a scroll of identify
Potions
 d - a potion of might
 e - a potion of resistance
 h - a potion of attraction
 j - a potion of lignification {unknown}
 l - a potion of invisibility {unknown}
 n - a potion of curing
 p - a potion of mutation {unknown}

Dungeon Overview and Level Annotations

Branches:
Dungeon (5/15)             Temple (1/1) D:5

Altars:
Ashenzari
Cheibriados
Dithmenos
Elyvilon
Gozag
Hepliaklqana
Kikubaaqudgha
Makhleb
Qazlal
Ru
Sif Muna
Trog
Uskayaw
Vehumet
Wu Jian
Yredelemnul
The Shining One


Message History

The gnoll hits you but does no damage. You block the gnoll's attack.
You hit the gnoll.
You kill the gnoll!
The gnoll sergeant hits you but does no damage.
The gnoll barely misses you.
You hit the orc.
The orc is almost dead.
The orc completely misses you.
The gnoll sergeant hits you from afar with a +1 spear of flaming!
The gnoll sergeant burns you. The gnoll closely misses you.
You hit the orc.
You kill the orc!
The gnoll sergeant hits you from afar with a +1 spear of flaming.
The gnoll sergeant burns you. The gnoll barely misses you.
You slash the phantom!
The phantom is moderately damaged.
The phantom closely misses you.
The gnoll sergeant hits you from afar with a +1 spear of flaming.
The gnoll sergeant burns you.
The gnoll hits you from afar with a +0 halberd.
You hit the phantom.
The phantom is heavily damaged.
The gnoll barely misses you. The phantom hits you.
The gnoll sergeant hits you but does no damage.
The gnoll barely misses you.
You closely miss the phantom.
The phantom is heavily damaged.
The gnoll hits you but does no damage. The gnoll sergeant closely misses you.
The gnoll completely misses you.
The phantom hits you but does no damage.
The gnoll hits you from afar with a +0 halberd.
The gnoll hits you but does no damage.
The phantom hits you but does no damage.
The gnoll sergeant hits you but does no damage.
You slash the phantom!
The phantom is severely damaged.
The gnoll hits you but does no damage. The phantom barely misses you.
The gnoll sergeant hits you from afar with a +1 spear of flaming.
The gnoll sergeant burns you.
You die...

.......#.8.#.......
####........#######
#...8.>.8##
#.........#
......#.8.#.#
........#...#
........##.##
###.....##.#
####+###@# #W#


ggg ..o.. ....... ......P.. .......P..# ......P.P.## You could see a phantom, a
gnoll sergeant, 2 gnolls and an orc.

Vanquished Creatures
  Eustachio (D:5)
  An ice beast (D:5)
  A phantom (D:4)
  A bullfrog (D:4)
  A scorpion (D:4)
  A necrophage (D:4)
  A gnoll sergeant (D:5)
  A howler monkey (D:5)
  A hound (D:4)
  2 orc priests (D:4)
  2 orc wizards
  2 iguanas (D:5)
  5 gnolls
  5 adders
  2 worms
  3 dart slugs
  13 orcs
  7 ball pythons
  5 endoplasms
  5 giant cockroaches
  7 goblins
  6 hobgoblins
  6 kobolds
  5 quokkas
  3 bats
  6 frilled lizards
  7 rats
100 creatures vanquished.

Vanquished Creatures (others)
  8 plants (D:5)
8 creatures vanquished.

Grand Total: 108 creatures vanquished

Notes
Turn   | Place    | Note
-------+----------+-------------------------------------------
     0 | D:1      | qw the Gargoyle Fighter began the quest for the Orb.
     0 | D:1      | Reached XP level 1. HP: 14/14 MP: 1/1
     0 | D:1      | 0 ||| qw: Version: 0.2-a-12-gaebbb33
     0 | D:1      | 0 ||| qw: Game counter: 944
     0 | D:1      | 0 ||| qw: Always use a shield: true
     0 | D:1      | 0 ||| qw: God list: Okawaru
     0 | D:1      | 0 ||| qw: Allow faded altars: false
     0 | D:1      | 0 ||| qw: Do Orc after D:15 true
     0 | D:1      | 0 ||| qw: Do second Lair branch before Depths: true
     0 | D:1      | 0 ||| qw: Lair rune preference: random
     0 | D:1      | 0 ||| qw: Plans: Normal, Zot:1-4, God:TSO, Crypt, Tomb,
                  | Pan, Slime:5, Hells, Abyss, Orb
     0 | D:1      | 0 ||| PLANNING D:1-11
    46 | D:1      | Reached skill level 2 in Axes
   200 | D:1      | Found a faded altar of an unknown god.
   208 | D:1      | Reached XP level 2. HP: 19/19 MP: 2/2
   405 | D:1      | 405 ||| Stepping ~*~*~tactically~*~*~ (stealth).
   407 | D:1      | 407 ||| Stepping ~*~*~tactically~*~*~ (stealth).
   408 | D:1      | 408 ||| Stepping ~*~*~tactically~*~*~ (stealth).
   544 | D:1      | Reached skill level 3 in Axes
   595 | D:1      | Reached XP level 3. HP: 22/23 MP: 3/3
   757 | D:1      | 757 ||| UPGRADING to +4 ring of protection.
   758 | D:1      | 758 ||| READING scroll labelled HOTAPYNGUL.
   759 | D:1      | 759 ||| READING scroll labelled TIABBE SIEK.
   760 | D:1      | 760 ||| READING scroll labelled HACLON WETON.
   861 | D:2      | 861 ||| Stepping randomly (stuck).
   883 | D:2      | 883 ||| Stepping ~*~*~tactically~*~*~ (stealth).
   890 | D:2      | 890 ||| Stepping ~*~*~tactically~*~*~ (stealth).
   891 | D:2      | 891 ||| DROPPING +0 club.
  1004 | D:2      | 1004 ||| Stepping ~*~*~tactically~*~*~ (stealth).
  1129 | D:2      | 1129 ||| Stepping ~*~*~tactically~*~*~ (stealth).
  1130 | D:2      | 1130 ||| Stepping ~*~*~tactically~*~*~ (stealth).
  1414 | D:2      | Reached XP level 4. HP: 28/28 MP: 4/4
  1729 | D:2      | 1729 ||| UPGRADING to +1 cloak.
  1734 | D:2      | 1734 ||| UPGRADING to +6 ring of dexterity.
  1735 | D:2      | 1735 ||| READING scroll labelled UTIUNOH QOAPEXT.
  1736 | D:2      | 1736 ||| READING scroll labelled ONUXUF JAWAWK.
  1737 | D:2      | 1737 ||| READING 2 scrolls of identify.
  1737 | D:2      | 1737 ||| IDENTIFYING cyan potion
  1819 | D:3      | Found a broken altar of Ashenzari.
  1907 | D:3      | 1907 ||| Stepping ~*~*~tactically~*~*~ (hiding).
  1912 | D:3      | Reached skill level 1 in Dodging
  2172 | D:3      | 2172 ||| Stepping ~*~*~tactically~*~*~ (stealth).
  2176 | D:3      | Reached skill level 4 in Axes
  2211 | D:3      | 2211 ||| READING scroll labelled KYTOCY ZYTSIMO.
  2212 | D:3      | 2212 ||| READING scroll labelled SUICRE VEKOA.
  2228 | D:4      | 2228 ||| Stepping ~*~*~tactically~*~*~ (stealth).
  2251 | D:4      | Noticed a phantom
  2259 | D:4      | Killed a phantom
  2260 | D:4      | Reached XP level 5. HP: 27/32 MP: 5/5
  2271 | D:4      | 2271 ||| FLEEEEING.
  2272 | D:4      | 2272 ||| FLEEEEING.
  2273 | D:4      | 2273 ||| FLEEEEING.
  2274 | D:4      | 2274 ||| STAIRDANCE
  2310 | D:4      | 2310 ||| STAIRDANCE
  2363 | D:4      | Reached skill level 5 in Axes
  2373 | D:4      | Reached XP level 6. HP: 33/38 MP: 6/6
  2415 | D:4      | 2415 ||| DROPPING +0 whip.
  2601 | D:4      | Found a shimmering blue altar of Sif Muna.
  2662 | D:4      | 2662 ||| Stepping ~*~*~tactically~*~*~ (hiding).
  2804 | D:4      | Reached skill level 6 in Axes
  2935 | D:4      | Reached XP level 7. HP: 43/43 MP: 7/7
  3423 | D:4      | 3423 ||| UPGRADING to +0 chain mail.
  3433 | D:4      | 3433 ||| DROPPING +0 scale mail.
  3434 | D:4      | 3434 ||| UPGRADING to +4 ring of protection.
  3436 | D:4      | 3436 ||| DROPPING +6 ring of dexterity.
  3437 | D:4      | 3437 ||| DRINKING 2 ruby potions.
  3441 | D:5      | Entered Level 5 of the Dungeon
  3450 | D:5      | Found a hazy altar of Hepliaklqana.
  3735 | D:5      | Reached skill level 7 in Axes
  3741 | D:5      | Noticed Eustachio
  3778 | D:5      | Killed Eustachio
  3779 | D:5      | Reached XP level 8. HP: 29/50 MP: 8/8
  3933 | D:5      | Found a staircase to the Ecumenical Temple.
  3934 | D:5      | 3934 ||| PLANNING TEMPLE
  3934 | D:5      | 3934 ||| READING 2 scrolls of identify.
  3934 | D:5      | 3934 ||| IDENTIFYING blue potion
  3941 | Temple   | Entered the Ecumenical Temple
  4090 | Temple   | 4090 ||| PLANNING D:1-11
  4118 | D:5      | 4118 ||| Stepping ~*~*~tactically~*~*~ (hiding).
  4123 | D:5      | 4123 ||| Stepping ~*~*~tactically~*~*~ (hiding).
  4139 | D:5      | HP: 11/50 [gnoll sergeant/+1 spear of flaming (6)]
  4140 | D:5      | HP: 5/50 [phantom (3)]
  4142 | D:5      | HP: 1/50 [gnoll sergeant/+1 spear of flaming (4)]
  4142 | D:5      | Slain by a gnoll sergeant

Levels and vault maps discovered:
D:1:      eino_arrival_cavern_e, layout_basic, hellmonk_ecumenical_altar_run_dry
D:2:      layout_basic, minmay_surrounded
D:3:      layout_rooms, ashenzari_altar_1, amcnicky_mini_rare_corridor_liquid
D:4:      layout_loops_ring, lemuel_blue_sif_altar
D:5:      layout_basic, mainiacjoe_overflow_catwalk, fedhas_altar_4,
          nemelex_diamond_rough_becter, minmay_temple_entry_statues_pillars,
          nicolae_grassy_gnolls, uniq_eustachio
Temple:   eino_narrow_crystal_temple

Skill      XL: |  1  2  3  4  5  6  7 |
---------------+----------------------+-----
Axes           | 2 3 4 5 6 7 |  7.6
Dodging        | 1 |  1.0
Fighting       | 4 5 |  5.4
Armour         | |  3.2
Shields        | |  3.2

Action                   |  1- 3 |  4- 6 |  7- 9 || total
-------------------------+-------+-------+-------++-------
Melee: War axe           |    96 |    97 |   125 ||   318
  Use: Scroll            |     3 |     5 |     1 ||     9
       Potion            |       |       |     1 ||     1
Armor: Scale mail        |    33 |    63 |    32 ||   128
       Chain mail        |       |       |    55 ||    55
Dodge: Dodged            |    35 |    24 |    57 ||   116
Block: Buckler           |    16 |    19 |    22 ||    57

Table legend:
 A = Non-vault XP
 B = Vault XP
 C = Vault XP percentage of total XP
 D = Non-vault monster count
 E = Vault monster count
 F = Vault count percentage of total count
                 A         B        C        D         E       F
            +---------+---------+-------+---------+---------+-------
      Total |    1084 |     282 |  20.6 |      94 |       6 |   6.0
            +---------+---------+-------+---------+---------+-------
        D:1 |      37 |       0 |   0.0 |      22 |       0 |   0.0
        D:2 |      43 |       5 |  10.4 |      19 |       3 |  13.6
        D:3 |      49 |       0 |   0.0 |      11 |       0 |   0.0
        D:4 |     655 |       0 |   0.0 |      32 |       0 |   0.0
        D:5 |     300 |     277 |  48.0 |      10 |       3 |  23.1
            +---------+---------+-------+---------+---------+-------
